 Dungeon Crawl Stone Soup version 0.30-a0-55-g90e3122c3a (webtiles) character file.

Game seed: 13499828971697495029

209 LnG the Chopper (level 5, 0/47 HPs)
             Began as a Hill Orc Fighter on Sept 9, 2022.
             Slain by a jelly (3 damage)
             ... on level 2 of the Dungeon.
             The game lasted 00:02:14 (1508 turns).

LnG the Chopper (Hill Orc Fighter)                  Turns: 1508, Time: 00:02:19

Health: 0/47       AC: -8    Str: 21    XL:     5   Next: 87%
Magic:  5/5        EV:  9    Int:  8    God:
Gold:   88         SH:  4    Dex: 10    Spells: 4/4 levels left

rFire   . . .      SeeInvis .    a - +0 war axe
rCold   . . .      Faith    .    c - +0 buckler
rNeg    . . .      Spirit   .    b - +0 scale mail
rPois   .          Reflect  .    (no helmet)
rElec   .          Harm     .    (no cloak)
rCorr   .          Rampage  .    (no gloves)
Will    .....                    (no boots)
Stlth   ..........               (no amulet)
HPRegen 0.15/turn                (no ring)
MPRegen 0.09/turn                (no ring)

@: corroded
A: no striking features
a: no special abilities


You were on level 2 of the Dungeon.
You visited 1 branch of the dungeon, and saw 2 of its levels.

You collected 88 gold pieces.

Inventory:

Hand Weapons
 a - a +0 war axe (weapon)
Armour
 b - a +0 scale mail (worn)
 c - a +0 buckler (worn)
Jewellery
 i - a ring of magical power
 l - an amulet of the acrobat
Scrolls
 d - a scroll of teleportation {unknown}
 f - a scroll of magic mapping {unknown}
 g - 4 scrolls of identify {unknown}
 h - a scroll of fog {unknown}
 n - a scroll of noise {unknown}
 o - a scroll of poison {unknown}
Potions
 e - a potion of curing {unknown}
 j - a potion of lignification {unknown}
 k - a potion of resistance {unknown}
 m - a potion of heal wounds {unknown}
 p - a potion of flight {unknown}


   Skills:
 + Level 4.5 Fighting
 + Level 5.2 Axes
 + Level 4.3 Armour
 + Level 0.3 Dodging
 + Level 0.8 Stealth
 + Level 4.1 Shields


You had 4 spell levels left.
You didn't know any spells.
Your spell library contained the following spells:

 Spells                   Type           Power      Damage    Failure   Level
 Beastly Appendage        Tmut           0%         N/A       83%         1
 Wereblood                Tmut           0%         N/A       92%         2
 Gell's Gravitas          Tloc           0%         N/A       99%         3
 Lesser Beckoning         Tloc           0%         N/A       99%         3
 Spider Form              Tmut/Pois      0%         N/A       99%         3
 Teleport Other           Tloc           0%         N/A       99%         3


Dungeon Overview and Level Annotations

Branches:
Dungeon (2/15)

Altars:

Shops:
D:1 =


Message History

2 endoplasms and a jelly come into view.
The endoplasm quivers. x2; The jelly quivers.
Found a goblin skeleton. 2 jellies and 5 endoplasms come into view.
Found four items.
The endoplasm quivers.
The jelly quivers.
The endoplasm quivers.
The jelly quivers.
The endoplasm quivers.
The endoplasm hits you but does no damage.
There is an open door here.
You barely miss the endoplasm. You slash the fungus!
The fungus begins to die.
You slash the endoplasm!
You kill the endoplasm!
The endoplasm hits you but does no damage.
You slash the endoplasm!
You kill the endoplasm!
You hit the fungus. You hit the jelly.
Your hands burn!
The jelly is moderately wounded.
You slash the fungus! You slash the jelly! The acid corrodes you!
Your hands burn!
The endoplasm hits the fungus.
You block the jelly's attack. The jelly hits you. The acid corrodes you!
You are splashed with acid!
The endoplasm hits the fungus.
You hit the jelly. The acid corrodes you!
Your hands burn!
The jelly is severely wounded.
You hit the jelly but do no damage.
Your hands burn!
You slash the fungus!
A nearby fungus withers and dies.
The jelly hits you. The acid corrodes you!
You are splashed with acid.
The jelly barely misses you. The jelly hits you. The acid corrodes you!
You are splashed with acid!
* * * LOW HITPOINT WARNING * * *
The jelly misses you.
You are too injured to fight recklessly!
You are too injured to fight recklessly!
You hit the jelly.
You kill the jelly!
You hit the jelly. The acid corrodes you!
Your hands burn!
* * * LOW HITPOINT WARNING * * *
You hit the jelly.
Your hands burn!
* * * LOW HITPOINT WARNING * * *
The jelly hits you.
You die...

#.................# #.# #...
#.................###.# #...
#......#####.......##.# ####
#......# #######....####
#......# ###.....# ##.######
##.##.# #..# ########... #
##.############JJ..÷.#####..
#..###).....##@JJ..PP# #..
#..##.......#.#JJ....# .
#..').......#.#J.....#
#..)).......#.#......#
##.'......#'#)#..PP.÷#
#.##.....#.#.#.÷..÷.#
#####....#.#.#..÷P..#
#######.##.....[# ###


You could see 2 jellies and 5 endoplasms.

Vanquished Creatures
  Sigmund (D:2)
  A jelly (D:2)
  An adder (D:2)
  A dart slug (D:1)
  2 ball pythons (D:1)
  2 bats (D:1)
  3 endoplasms
  A giant cockroach (D:1)
  3 hobgoblins (D:1)
  4 jackals (D:1)
  A quokka (D:2)
  2 frilled lizards
  4 goblins (D:1)
  8 kobolds
  5 rats (D:1)
39 creatures vanquished.

Vanquished Creatures (others)
  A fungus (D:2)
  11 toadstools (D:2)
12 creatures vanquished.

Grand Total: 51 creatures vanquished

Notes
Turn   | Place    | Note
-------+----------+-------------------------------------------
     0 | D:1      | LnG the Hill Orc Fighter began the quest for the Orb.
     0 | D:1      | Reached XP level 1. HP: 19/19 MP: 1/1
   177 | D:1      | Reached XP level 2. HP: 27/27 MP: 2/2
   311 | D:1      | Found a faded altar of an unknown god.
   350 | D:1      | Found Azxedeq's Jewellery Emporium.
   354 | D:1      | You fall into a shaft and drop 1 floor!
   545 | D:1      | Reached XP level 3. HP: 15/33 MP: 3/3
   548 | D:1      | Reached skill level 3 in Axes
  1074 | D:2      | Noticed Sigmund
  1083 | D:2      | Killed Sigmund
  1084 | D:2      | Reached skill level 5 in Axes
  1084 | D:2      | Reached XP level 4. HP: 9/41 MP: 4/4
  1084 | D:2      | Reached XP level 5. HP: 10/47 MP: 5/5
  1508 | D:2      | Slain by a jelly

Illustrated notes

Levels and vault maps discovered:
D:1:      erik_arrival_blinker_ship, layout_loops_cross,
          shapermc_ecumenical_altar_mp_ritualfount, serial_shops,
          nicolae_shop_competitors_out_of_business
D:2:      cheibrodos_fertilizer, layout_basic, minmay_misc_feat_encased,
          solitary_fountain, uniq_sigmund

Skill      XL: |  1  2  3 |
---------------+----------+-----
Fighting       | 4 |  4.5
Axes           | 5 |  5.2
Armour         | 4 |  4.3
Shields        | 4 |  4.1
Dodging        | |  0.3
Stealth        | |  0.8

Action                   |  1- 3 |  4- 6 || total
-------------------------+-------+-------++-------
Melee: War axe           |    60 |    27 ||    87
  Use: Potion            |     1 |       ||     1
Armor: Scale mail        |    25 |    20 ||    45
Dodge: Dodged            |    33 |     9 ||    42
Block: Buckler           |    14 |     2 ||    16

Table legend: (Time is in decaauts)
 A = Elapsed time spent in this place.
 B = Non-inter-level travel time spent in this place.
 C = Inter-level travel time spent in this place.
 D = Time resting spent in this place.
 E = Time spent auto-exploring this place.
 F = Levels seen in this place.
 G = Mean time per level.
                   A        B        C        D        E       F      G
               +--------+--------+--------+--------+--------+-----+--------+
         Total |   1540 |   1512 |     28 |    473 |    803 |   2 |  770.0 |
       Dungeon |   1540 |   1512 |     28 |    473 |    803 |   2 |  770.0 |
               +--------+--------+--------+--------+--------+-----+--------+

Top non-repeatable levels by time:
     D:1: 1013 daAuts
     D:2: 526 daAuts
